 Dungeon Crawl Stone Soup version 0.31-a0-875-g02e7d12df6 (webtiles) character file.

Game seed: 10050312497616585604

1300 Strat the Fighter (level 8, -3/80 HPs)
             Began as a Hill Orc Gladiator on Oct 12, 2023.
             Slain by a cyclops (20 damage)
             ... on level 6 of the Dungeon.
             The game lasted 00:08:38 (4631 turns).

Strat the Fighter (Hill Orc Gladiator)              Turns: 4631, Time: 00:08:39

Health: -3/80      AC: 16    Str: 19    XL:     8   Next: 57%
Magic:  8/8        EV: 11    Int: 14    God:
Gold:   264        SH:  0    Dex: 12    Spells: 7/7 levels left

rFire   . . .        a - +0 flail (protect)
rCold   . . .        (no shield)
rNeg    . . .        u - +2 ring mail {rPois}
rPois   +            c - +0 helmet
rElec   .            (no cloak)
rCorr   .            (no gloves)
SInv    +            (no boots)
Will    .....        t - amulet of regeneration
Stlth   +            o - ring of see invisible
HPRegen 1.13/turn    r - +6 ring of intelligence
MPRegen 0.11/turn

%: no passive effects
@: under a protective aura
A: no striking features
a: no special abilities


You were on level 6 of the Dungeon.
You visited 2 branches of the dungeon, and saw 7 of its levels.

You collected 264 gold pieces.

Inventory:

Hand Weapons
 a - a +0 flail of protection (weapon)
Missiles
 b - 8 boomerangs
 d - 4 throwing nets
 e - a javelin
 i - 4 poisoned darts (quivered)
Armour
 c - a +0 helmet (worn)
 u - a +2 ring mail of poison resistance (worn)
Jewellery
 o - a ring of see invisible (left hand)
 r - a +6 ring of intelligence (right hand)
 t - an amulet of regeneration (around neck)
Wands
 h - a wand of polymorph (10)
 s - a wand of flame (3)
Scrolls
 g - 2 scrolls of teleportation
 j - a scroll of acquirement {unknown}
 p - a scroll of poison
Potions
 f - 2 potions of curing {unknown}
 k - a potion of lignification {unknown}
 l - 2 potions of mutation {unknown}
 m - a potion of resistance {unknown}
 n - 2 potions of ambrosia {unknown}
 q - a potion of enlightenment {unknown}


   Skills:
 + Level 10.4 Fighting
 - Level 3.2 Maces & Flails
 + Level 3.0 Throwing
 - Level 5.0 Armour
 - Level 2.4 Dodging


You had 7 spell levels left.
You didn't know any spells.
Your spell library contained the following spells:

 Spells                   Type           Power      Damage    Failure   Level
 Apportation              Tloc           0%         N/A       43%         1
 Necrotise                Necr           0%         1d4       43%         1
 Summon Small Mammal      Summ           0%         N/A       43%         1
 Lesser Beckoning         Tloc           0%         N/A       58%         2
 Passwall                 Tmut/Erth      0%         N/A       58%         2
 Gell's Gravitas          Tloc           0%         N/A       82%         3
 Teleport Other           Tloc           0%         N/A       82%         3
 Flame Wave               Conj/Fire      0%         2d4       99%         4
 Leda's Liquefaction      Hex/Erth       0%         N/A       99%         4


Dungeon Overview and Level Annotations

Branches:
Dungeon (6/15)             Temple (1/1) D:5

Altars:
Ashenzari
Cheibriados
Elyvilon
Fedhas
Gozag
Kikubaaqudgha
Makhleb
Nemelex Xobeh
Qazlal
Uskayaw
Vehumet
Wu Jian
Xom
Yredelemnul
Zin
The Shining One

Annotations:
D:3 Grinder
D:5 Menkaure


Message History

The centaur closely misses you. The centaur barely misses you.
You sock the centaur!
The centaur is almost dead.
The centaur barely misses you. The centaur completely misses you. x2
The centaur kicks you but does no damage.
You hit the centaur.
The centaur is almost dead.
The centaur barely misses you. The centaur misses you.
The centaur barely misses you. The centaur closely misses you.
You thump the centaur!
You kill the centaur!
Your Throwing skill increases to level 3!
Things that are here:
a +0 shortbow; a centaur corpse
Things that are here:
a +0 hand axe; an orc corpse
There is a stone staircase leading up here.
You now have 264 gold pieces (gained 13).
A cyclops comes into view.
The cyclops shouts!
The cyclops throws a large rock.
The large rock hits you!!
* * * LOW HITPOINT WARNING * * *
The cyclops hits you!
* * * LOW HITPOINT WARNING * * *
Okay, then.
You sock the cyclops!
Your weapon exudes an aura of protection.
The cyclops is moderately wounded.
You hit the cyclops.
The cyclops is moderately wounded.
The cyclops hits you!!
* * * LOW HITPOINT WARNING * * *
You sock the cyclops!
The cyclops is heavily wounded.
The cyclops hits you!
* * * LOW HITPOINT WARNING * * *
You sock the cyclops!
The cyclops is heavily wounded.
The cyclops hits you!!
You die...

.# ..####### ##
####........ #
.#..##........
#.##.# #........ #
#C@.###........ ..
#.##.##....# #. #.#
##......# .#.. #.
#.##....# ......#
##.##...#
......#########...#
.......<).).).<...#
............##....#
....###.........###


You could see a cyclops.

Vanquished Creatures
  Sigmund (D:4)
  A vampire mosquito (D:5)
  An ice beast (D:5)
  An ogre (D:5)
  A centaur (D:6)
  3 necrophages (D:4)
  2 scorpions (D:4)
  A wight (D:4)
  A human zombie (D:4)
  A hound (D:4)
  A scorpion zombie (D:4)
  An iguana (D:5)
  Natasha (D:3)
  2 hound zombies (D:4)
  2 mummies (D:4)
  A gnoll (D:1)
  11 adders
  A white imp (D:5)
  2 adder zombies (D:4)
  A worm (D:2)
  3 dart slugs
  8 orcs
  7 bats
  7 endoplasms
  9 giant cockroaches
  5 goblins
  6 hobgoblins
  3 jackals (D:2)
  5 quokkas
  4 ball pythons
  4 frilled lizards
  10 kobolds
  10 rats
117 creatures vanquished.

Notes
Turn   | Place    | Note
-------+----------+-------------------------------------------
     0 | D:1      | Strat the Hill Orc Gladiator began the quest for the Orb.
     0 | D:1      | Reached XP level 1. HP: 18/18 MP: 1/1
    49 | D:1      | Reached skill level 1 in Armour
    55 | D:1      | Reached XP level 2. HP: 24/25 MP: 2/2
   113 | D:1      | Reached skill level 3 in Fighting
   283 | D:1      | Reached XP level 3. HP: 31/31 MP: 3/3
  1017 | D:2      | Reached XP level 4. HP: 38/40 MP: 4/4
  1085 | D:2      | Reached skill level 4 in Fighting
  1192 | D:2      | Found a hide-covered altar of Uskayaw.
  1657 | D:3      | Noticed Natasha
  1667 | D:3      | Killed Natasha
  1668 | D:3      | Reached XP level 5. HP: 39/47 MP: 5/5
  1786 | D:3      | Noticed Grinder
  2168 | D:4      | Got a rare book
  2247 | D:4      | Noticed Sigmund
  2298 | D:4      | Reached skill level 5 in Fighting
  2520 | D:4      | Reached XP level 6. HP: 56/56 MP: 6/6
  2531 | D:4      | Found a glowing silver altar of Zin.
  2548 | D:4      | Killed Sigmund
  2549 | D:4      | Reached skill level 6 in Fighting
  2549 | D:4      | Reached skill level 5 in Armour
  2627 | D:4      | Found a basalt altar of Yredelemnul.
  2642 | D:4      | Reached XP level 7. HP: 64/64 MP: 7/7
  2726 | D:4      | Reached skill level 7 in Fighting
  2747 | D:4      | Found a shimmering altar of Xom.
  3093 | D:4      | Reached skill level 8 in Fighting
  3240 | D:4      | Reached skill level 9 in Fighting
  3391 | D:5      | Entered Level 5 of the Dungeon
  3393 | D:5      | Noticed Menkaure
  3434 | D:5      | Reached XP level 8. HP: 55/78 MP: 8/8
  3663 | D:5      | Found a staircase to the Ecumenical Temple.
  3679 | D:5      | Reached skill level 10 in Fighting
  3681 | Temple   | Entered the Ecumenical Temple
  3972 | D:5      | Noticed Edmund
  3977 | D:5      | Edmund changed into Edmund the dart slug
  3977 | D:5      | Noticed Edmund
  3983 | D:5      | Killed Edmund the dart slug
  4625 | D:6      | Noticed a cyclops
  4631 | D:6      | Slain by a cyclops

Illustrated notes

Levels and vault maps discovered:
D:1:      minmay_arrival_four_loops, layout_rooms
D:2:      layout_loops_ring, basic_altar
D:3:      minmay_diamond_boxcup, layout_basic, serial_glass, glass_columns_b,
          glass_columns_b, glass_columns_c, uniq_grinder, uniq_natasha
D:4:      layout_basic, lemuel_mausoleum_altar_yredelemnul, tgw_xom,
          lemuel_doored_altar, uniq_sigmund
D:5:      layout_basic, minmay_temple_entry_glass, feat_on_display, uniq_edmund,
          uniq_menkaure
D:6:      minmay_cornered_nines, layout_rooms, mainiacjoe_overflow_catwalk,
          gammafunk_ghost_cemetery
Temple:   dshaligram_water_room_temple

Skill      XL: |  1  2  3  4  5  6  7  8 |
---------------+-------------------------+-----
Armour         | 1 2 3 4 5 |  5.0
Fighting       | 3 4 5 6 9 10 | 10.4
Throwing       | 3 |  3.0
Maces & Flails | |  3.2
Dodging        | |  2.4

Action                     |  1- 3 |  4- 6 |  7- 9 || total
---------------------------+-------+-------+-------++-------
  Melee: Flail             |   105 |   158 |   258 ||   521
         Punch             |     1 |     3 |     6 ||    10
  Throw: Dart              |       |       |     4 ||     4
  Evoke: Wand              |       |       |     1 ||     1
    Use: Scroll            |       |     6 |     1 ||     7
 Armour: Leather armour    |    42 |       |       ||    42
         Ring mail         |    18 |    95 |   246 ||   359
  Dodge: Dodged            |    80 |    97 |   192 ||   369

Table legend: (Time is in decaauts)
 A = Elapsed time spent in this place.
 B = Non-inter-level travel time spent in this place.
 C = Inter-level travel time spent in this place.
 D = Time resting spent in this place.
 E = Time spent auto-exploring this place.
 F = Levels seen in this place.
 G = Mean time per level.
                   A        B        C        D        E       F      G
               +--------+--------+--------+--------+--------+-----+--------+
         Total |   4759 |   4495 |    264 |    193 |   2878 |   7 |  679.9 |
       Dungeon |   4758 |   4494 |    264 |    193 |   2878 |   6 |  793.0 |
        Temple |      1 |      1 |      0 |      0 |      0 |   1 |    1.0 |
               +--------+--------+--------+--------+--------+-----+--------+

Top non-repeatable levels by time:
     D:4: 1514 daAuts
     D:5: 1158 daAuts
     D:2: 727 daAuts
     D:3: 682 daAuts
     D:1: 585 daAuts
     D:6: 90 daAuts
  Temple: 1 daAuts
